 Dungeon Crawl Stone Soup version 0.24-a0-584-g9d6b971ae4 (webtiles) character file.

Game seed: 2707991444176307916, levelgen mode: deterministic

15 Amnesiac the Vexing (level 2, -2/15 HPs)
             Began as a Deep Elf Enchanter on Sept 6, 2019.
             Slain by a worm (8 damage)
             ... on level 4 of the Dungeon.
             The game lasted 00:01:58 (728 turns).

Amnesiac the Vexing (Deep Elf Enchanter)             Turns: 728, Time: 00:01:59

Health: -2/15      AC:  2    Str:  5    XL:     2   Next: 34%
Magic:  8/8        EV: 13    Int: 19    God:
Gold:   24         SH:  0    Dex: 15    Spells: 5/8 levels left

rFire    . . .     SeeInvis .   a - +1 dagger
rCold    . . .     Gourm    .   (no shield)
rNeg     . . .     Faith    .   b - +0 robe
rPois    .         Spirit   .   (no helmet)
rElec    .         Reflect  .   (no cloak)
rCorr    .         Harm     .   (no gloves)
MR       .....                  (no boots)
Stlth    +++.......             (no amulet)
HPRegen  0.05/turn              (no ring)
MPRegen  0.11/turn              (no ring)

@: studying Fighting
A: no striking features
a: no special abilities


You were on level 4 of the Dungeon.
You were not hungry.

You visited 1 branch of the dungeon, and saw 4 of its levels.

You collected 24 gold pieces.

Inventory:

Hand Weapons
 a - a +1 dagger (weapon)
Armour
 b - a +0 robe (worn)
Books
 c - a manual of Fighting
Comestibles
 d - a ration


   Skills:
 * Level 1.0 Short Blades
 - Level 2.4 Dodging
 - Level 4.0 Stealth
 + Level 3.9 Spellcasting
 - Level 4.0 Hexes


You had 5 spell levels left.
You knew the following spells:

 Your Spells              Type           Power        Failure   Level  Hunger
a - Corona                Hex            ###....      2%          1    None
e - Ensorcelled Hibernat  Hex/Ice        ##....       10%         2    ##.....

Your spell library contained the following spells:

 Spells                   Type           Power        Failure   Level  Hunger
 Confuse                  Hex            ###.....     8%          3    ###....
 Tukima's Dance           Hex            ###.....     8%          3    ###....
 Dazzling Spray           Conj/Hex       ##....       19%         3    ###....


Dungeon Overview and Level Annotations

Branches:
Dungeon (4/15)
 Temple: D:4-7

Altars:

Annotations:
D:2 Sigmund


Message History

The orc wizard gestures at you while chanting.
You are confused.
The orc shouts! 3 orcs come into view.
The orc shouts! x2
There is a stone staircase leading down here.
You aren't carrying any potions.
You're too confused!
You're too confused to move!
The orc shouts!
You climb downwards.
The worm barely misses you.
There is a stone staircase leading up here.
You can't go down here!
You closely miss the worm. You hit the worm.
The worm is lightly wounded.
You feel less confused. The worm bites you!
Ouch! That really hurt!
You die...

.# .# .##.# ..
.#..## .## #. .#$.#
..) #. #.#.# #.# #
..#.#.##[# $## .. w
#....## ##.###.#
#.#
#Y#..##.###......#
..##.##.###.#.#@#
...#.#.# ##.##w#
###..#..###...#.##
.......#..........+
.#####...###...#.##
##.#####..#.# #.#
#......# #.#
#.##.### #.# #.##.#


You could see a worm.

Vanquished Creatures
  An ooze (D:4)
  A leopard gecko (D:3)
  A bat (D:1)
  A giant cockroach (D:1)
  A goblin (D:3)
  2 hobgoblins (D:3)
  A quokka (D:4)
8 creatures vanquished.

Notes
Turn   | Place    | Note
-------+----------+-------------------------------------------
     0 | D:1      | Amnesiac the Deep Elf Enchanter began the quest for the
                  | Orb.
     0 | D:1      | Reached XP level 1. HP: 10/10 MP: 6/6
    60 | D:2      | Noticed Sigmund
   426 | D:1      | Reached XP level 2. HP: 7/15 MP: 6/8
   587 | D:1      | Learned a level 2 spell: Ensorcelled Hibernation
   683 | D:4      | Noticed an ice beast
   728 | D:4      | Slain by a worm

Levels and vault maps discovered:
D:1:      shiori_arrival_whats_in_store_for_you, layout_basic, dk_noncrumbling_3
D:2:      layout_rooms, first_ration, minmay_hexomino_p4, uniq_sigmund
D:3:      layout_basic, kiku_gazebo_garden_becter, uniq_crazy_yiuf_cottage
D:4:      layout_loops_corners, biasface_ghost_orc_armoury, minmay_manual_mess,
          uniq_natasha

Skill      XL: |  1  2 |
---------------+-------+-----
Stealth        | 4 |  4.0
Short Blades   | |  1.0
Dodging        | |  2.4
Spellcasting   | |  3.9
Hexes          | |  4.0

Action                   || total
-------------------------++-------
Melee: Dagger            ||    30
 Cast: Corona            ||     8
  Use: Scroll            ||     2
 Stab: Sleeping          ||     1
Armor: Robe              ||    21
Dodge: Dodged            ||    74

Table legend:
 A = Non-vault XP
 B = Vault XP
 C = Vault XP percentage of total XP
 D = Non-vault monster count
 E = Vault monster count
 F = Vault count percentage of total count
                 A         B        C        D         E       F
            +---------+---------+-------+---------+---------+-------
      Total |      20 |       2 |   9.1 |       7 |       1 |  12.5
            +---------+---------+-------+---------+---------+-------
        D:1 |       4 |       0 |   0.0 |       2 |       0 |   0.0
        D:3 |       9 |       0 |   0.0 |       4 |       0 |   0.0
        D:4 |       7 |       2 |  22.2 |       1 |       1 |  50.0
            +---------+---------+-------+---------+---------+-------
